 Dungeon Crawl Stone Soup version 0.25-a0-1133-g93ebf739aa (webtiles) character file.

Game seed: 14540658884717390206, levelgen mode: classic

20311 Amnesiac the Cruncher (level 12, 0/108 HPs)
             Began as a Deep Elf Gladiator on May 21, 2020.
             Was a High Priest of Okawaru.
             Engulfed by a steam dragon's steam (3 damage)
             ... on level 11 of the Dungeon.
             The game lasted 00:38:50 (15537 turns).

Amnesiac the Cruncher (Deep Elf Gladiator)         Turns: 15537, Time: 00:38:50

Health: 0/108      AC:  9    Str: 15    XL:     12   Next: 44%
Magic:  17/17      EV: 15    Int: 15    God:    Okawaru [*****.]
Gold:   621        SH:  0    Dex: 16    Spells: 8/11 levels left

rFire    . . .     SeeInvis +   b - +2 quarterstaff (pain)
rCold    . . .     Gourm    .   (shield currently unavailable)
rNeg     . . .     Faith    .   B - +0 ring mail
rPois    .         Spirit   .   c - +0 helmet
rElec    .         Reflect  .   e - +0 cloak
rCorr    .         Harm     .   t - +0 pair of gloves
MR       +....                  j - +0 pair of boots
Stlth    ..........             (no amulet)
HPRegen  0.28/turn              p - ring of see invisible
MPRegen  0.15/turn              M - ring of flight

@: berserking, very quick
A: mutation resistance 1
a: Heroism, Finesse, Renounce Religion, Evoke Flight


You were on level 11 of the Dungeon.
You worshipped Okawaru.
Okawaru was extremely pleased with you.
You were not hungry.

You visited 2 branches of the dungeon, and saw 12 of its levels.
You also visited: Sewer.

You collected 621 gold pieces.

Inventory:

Hand Weapons
 a - a +0 arbalest
 b - a +2 quarterstaff of pain (weapon)
 k - a +0 shortbow
 l - a +2 falchion of flaming
 w - a +0 dagger of venom
 D - a +1 whip of venom
Missiles
 y - 31 poisoned darts
 C - 12 bolts
 H - 259 arrows
 P - 3 atropa-tipped darts (quivered)
Armour
 c - a +0 helmet (worn)
 e - a +0 cloak (worn)
 j - a +0 pair of boots (worn)
 t - a +0 pair of gloves (worn)
 B - a +0 ring mail (worn)
Jewellery
 p - a ring of see invisible (left hand)
 M - a ring of flight (right hand)
Wands
 m - a wand of clouds (3)
 J - a wand of acid (1)
 L - a wand of polymorph (9)
 R - a wand of flame (23)
 T - a wand of disintegration (12)
Scrolls
 i - a scroll of fear {!r}
 n - 3 scrolls of magic mapping {!r}
 o - 2 scrolls of blinking {!r}
 r - 3 scrolls of amnesia {!r}
 s - 6 scrolls of remove curse {!r}
 u - 3 scrolls of identify {!r}
 E - a scroll of fog {!r}
 F - 2 scrolls of enchant weapon {!r}
 I - 4 scrolls of teleportation {!r}
 S - a scroll of silence {!r}
Potions
 d - a potion of might {!q}
 g - a potion of brilliance {!q}
 h - a potion of heal wounds {!q}
 q - a potion of haste {!q}
 v - 2 potions of magic {!q}
 x - 2 potions of mutation {!q}
 z - 3 potions of curing {!q}
 A - a potion of stabbing {!q}
 G - 3 potions of flight {!q}
 K - 2 potions of invisibility {!q}
 O - a potion of lignification {!q}
Miscellaneous
 Q - a phial of floods (inert)
Comestibles
 f - 24 rations


   Skills:
 * Level 7.6 Fighting
 - Level 14.0 Staves
 + Level 10.4 Bows
 - Level 2.0 Throwing
 + Level 7.6 Dodging
 - Level 4.0 Evocations


You had 8 spell levels left.
You knew the following spells:

 Your Spells              Type           Power        Failure   Level  Hunger
z - Confusing Touch       Hex            #.......     85%         3    ####...

Your spell library contained the following spells:

 Spells                   Type           Power        Failure   Level  Hunger
 Gell's Gravitas          Tloc           #.........   85%         3    ####...
 Petrify                  Tmut/Erth      #.......     99%         4    #####..
 Metabolic Englaciation   Hex/Ice        #.........   100%        5    ######.
 Yara's Violent Unravell  Hex/Tmut       #.........   100%        5    ######.


Dungeon Overview and Level Annotations

Branches:
Dungeon (11/15)            Temple (1/1) D:4             Orc (0/2) D:10
  Sewer (visited)
   Lair: D:8-11

Altars:
Ashenzari
Cheibriados
Elyvilon
Fedhas
Hepliaklqana
Nemelex Xobeh
Okawaru
Qazlal
Ru
Sif Muna
Uskayaw
Vehumet
Xom
Yredelemnul
Zin
The Shining One

Shops:
D:4 :   D:10 ?

Annotations:
D:9 exclusion: angel


Innate Abilities, Weirdness & Mutations

You are somewhat resistant to further mutation.


Message History

* * * LOW HITPOINT WARNING * * *
The killer bee stings you.
* * * LOW HITPOINT WARNING * * *
The killer bee is engulfed in a cloud of scalding steam.
The killer bee dies!
You hear a shout!
You hear a croak.
The killer bee is engulfed in a cloud of scalding steam. x2
The killer bee stings you.
* * * LOW HITPOINT WARNING * * *
You feel sick. The killer bee stings you.
* * * LOW HITPOINT WARNING * * *
The killer bee is engulfed in a cloud of scalding steam.
The killer bee closely misses you. The killer bee closely misses you.
You closely miss the killer bee.
The killer bee is severely wounded.
The killer bee closely misses you.
You feel sick.
The killer bee stings you but does no damage.
You bludgeon the killer bee!!
You kill the killer bee!
Okawaru accepts your kill.
You hit the killer bee but do no damage.
The killer bee is lightly wounded.
The killer bee closely misses you.
You barely miss the killer bee.
The killer bee is lightly wounded.
The killer bee barely misses you. The steam dragon breathes steam at you.
The ball of steam hits the killer bee!
The ball of steam hits you!
* * * LOW HITPOINT WARNING * * *
You hear a shout!
You miss the killer bee.
The killer bee is severely wounded.
You are engulfed in a cloud of scalding steam.
* * * LOW HITPOINT WARNING * * *
The killer bee is engulfed in a cloud of scalding steam.
The killer bee dies!
Really quaff
z - 4 potions of curing {!q}?
You feel better.
You are engulfed in a cloud of scalding steam.
* * * LOW HITPOINT WARNING * * *
Really quaff
N - a potion of berserk rage {!q}? [Y]es or [N]o only, please.
Really quaff
N - a potion of berserk rage {!q}?
A red film seems to cover your vision as you go berserk!
You feel yourself moving faster!
You feel mighty!
You are engulfed in a cloud of scalding steam.
* * * LOW HITPOINT WARNING * * *
The steam dragon breathes steam at you. The ball of steam hits you!
* * * LOW HITPOINT WARNING * * *
You sock the steam dragon!
The steam dragon is moderately wounded.
You are engulfed in a cloud of scalding steam.
* * * LOW HITPOINT WARNING * * *
The steam dragon bites you!
* * * LOW HITPOINT WARNING * * *
The steam dragon claws you.
* * * LOW HITPOINT WARNING * * *
You barely miss the steam dragon.
The steam dragon is moderately wounded.
You are engulfed in a cloud of scalding steam.
You die...

.....# .....# ######.### ...###
######........y ....##
###......####.#..
.....##########..D..........y..
..............§§....####....###
..........##.§§§##### .####
.............########...##
...............D@§..§.#
.(........#############
..........# ..........#
..........# ###########


You could see a steam dragon (catching breath).

Vanquished Creatures
  Erolcha (D:9)
  A hydra (D:8)
  A two-headed ogre (D:11)
  An unseen horror (D:10)
  An ugly thing (D:9)
  3 slime creatures (D:10)
  Joseph (D:9)
  2 kobold demonologists (D:11)
  A hornet (D:8)
  2 dream sheep (D:8)
  2 wyverns
  8 yaks
  2 wargs (D:10)
  3 hungry ghosts
  A water moccasin (D:10)
  2 orc warriors (D:10)
  3 ice beasts
  2 necrophages
  2 black bears
  7 ogres
  2 crocodiles
  7 centaurs
  6 big kobolds
  5 bullfrogs
  A gnoll sergeant (D:6)
  A killer bee (D:11)
  3 scorpions
  4 wights (D:10)
  7 howler monkeys
  2 crimson imps
  6 hounds
  A centaur skeleton (D:8)
  6 orc priests
  3 bullfrog skeletons
  3 jellies
  3 iguanas
  Natasha (thrice) (D:3)
  12 orc wizards
  10 worker ants
  4 hound skeletons
  3 worker ant zombies
  Robin (D:4)
  8 gnolls
  9 adders
  5 shadow imps
  An ooze (D:1)
  An adder skeleton (D:6)
  2 worms
  3 dart slugs
  2 leopard geckos (D:3)
  41 orcs
  2 ball pythons
  8 giant cockroaches
  18 goblins
  16 hobgoblins
  20 jackals
  5 quokkas
  9 bats
  7 frilled lizards
  A jackal skeleton (D:6)
  17 kobolds
  A leopard gecko skeleton (D:6)
  2 quokka skeletons
  3 rats
320 creatures vanquished.

Vanquished Creatures (others)
  2 killer bees (D:11)
2 creatures vanquished.

Grand Total: 322 creatures vanquished

Notes
Turn   | Place    | Note
-------+----------+-------------------------------------------
     0 | D:1      | Amnesiac the Deep Elf Gladiator began the quest for the
                  | Orb.
     0 | D:1      | Reached XP level 1. HP: 12/12 MP: 3/3
   238 | D:1      | Reached XP level 2. HP: 12/17 MP: 4/4
   272 | D:1      | Found a sparkling altar of Nemelex Xobeh.
   449 | D:1      | Reached XP level 3. HP: 14/21 MP: 5/5
   487 | D:1      | Reached skill level 4 in Staves
  1338 | D:2      | Found a shimmering altar of Xom.
  1574 | D:2      | Reached XP level 4. HP: 27/27 MP: 6/6
  1944 | D:3      | Noticed Natasha
  1948 | D:3      | Killed Natasha
  1957 | D:3      | Noticed an ice beast
  2020 | D:2      | Killed an ice beast
  2020 | D:2      | Reached skill level 5 in Staves
  2020 | D:2      | Reached XP level 5. HP: 20/32 MP: 7/7
  2569 | D:3      | Found a hide-covered altar of Uskayaw.
  2703 | D:3      | Noticed Natasha
  2716 | D:3      | Killed Natasha
  2804 | D:3      | Noticed Natasha
  2809 | D:3      | Killed Natasha
  2809 | D:3      | Reached XP level 6. HP: 37/37 MP: 8/8
  3073 | D:3      | Found a shimmering blue altar of Sif Muna.
  3091 | D:3      | Reached skill level 6 in Staves
  3481 | D:4      | Found a glowing golden altar of the Shining One.
  3493 | D:4      | Found a sparkling altar of Nemelex Xobeh.
  3885 | D:4      | Reached skill level 7 in Staves
  3885 | D:4      | Reached XP level 7. HP: 40/41 MP: 9/9
  3894 | D:4      | Found a staircase to the Ecumenical Temple.
  3916 | Temple   | Entered the Ecumenical Temple
  3922 | Temple   | Became a worshipper of Warmaster Okawaru
  4082 | D:4      | Found a glowing drain.
  4108 | Sewer    | Entered a sewer
  4823 | D:4      | Found Rotz's Book Shoppe.
  5153 | D:4      | Noticed Robin
  5172 | D:4      | Killed Robin
  5607 | D:5      | Entered Level 5 of the Dungeon
  5644 | D:5      | Reached skill level 8 in Staves
  5853 | D:5      | Reached * piety under Okawaru
  5975 | D:6      | Reached XP level 8. HP: 30/48 MP: 10/10
  6060 | D:6      | Gained mutation: You are somewhat resistant to further
                  | mutation. [potion of mutation]
  6097 | D:5      | Reached skill level 9 in Staves
  6113 | D:5      | Reached skill level 5 in Dodging
  6195 | D:5      | Reached skill level 1 in Bows
  6290 | D:5      | Found a basalt altar of Yredelemnul.
  6346 | D:5      | Found a white marble altar of Elyvilon.
  6348 | D:5      | Found a shattered altar of Ashenzari.
  6351 | D:5      | Found a snail-covered altar of Cheibriados.
  6684 | D:6      | Reached ** piety under Okawaru
  6790 | D:6      | Reached skill level 1 in Evocations
  7184 | D:6      | Found a blossoming altar of Fedhas.
  7187 | D:6      | Reached skill level 5 in Bows
  7312 | D:6      | Reached XP level 9. HP: 28/52 MP: 12/12
  8117 | D:7      | Found a hazy altar of Hepliaklqana.
  8548 | D:8      | Reached *** piety under Okawaru
  8851 | D:8      | Found a stormy altar of Qazlal.
  9389 | D:8      | Found an iron altar of Okawaru.
  9789 | D:7      | HP: 1/52 [yak (10)]
 10057 | D:7      | Reached skill level 5 in Fighting
 10168 | D:8      | Reached **** piety under Okawaru
 10219 | D:8      | Reached XP level 10. HP: 16/59 MP: 15/15
 10462 | D:8      | Noticed a three-headed hydra
 10478 | D:8      | Killed a one-headed hydra
 11198 | D:9      | Noticed Joseph
 11198 | D:9      | Noticed Erolcha
 11202 | D:9      | Killed Erolcha
 11202 | D:9      | Received a gift from Okawaru
 11212 | D:9      | Killed Joseph
 11212 | D:9      | Received a gift from Okawaru
 11212 | D:9      | Reached ***** piety under Okawaru
 11655 | D:9      | Reached skill level 10 in Bows
 11822 | D:9      | Learned a level 3 spell: Confusing Touch
 11849 | D:8      | Reached skill level 10 in Staves
 12463 | D:9      | Noticed a purple ugly thing
 12482 | D:9      | Killed a purple ugly thing
 12619 | D:9      | Found a glowing silver altar of Zin.
 12620 | D:9      | Noticed an angel
 12683 | D:8      | Reached XP level 11. HP: 44/67 MP: 16/16
 13019 | D:10     | Entered Level 10 of the Dungeon
 13206 | D:10     | Reached skill level 13 in Staves
 13206 | D:10     | Reached XP level 12. HP: 72/72 MP: 17/17
 14390 | D:10     | Found a staircase to the Orcish Mines.
 14675 | D:10     | Found Siocatop's Magic Scroll Emporium.
 14909 | D:11     | Received a gift from Okawaru
 15152 | D:11     | Noticed a two-headed ogre
 15177 | D:11     | Killed a two-headed ogre
 15262 | D:11     | Reached skill level 14 in Staves
 15536 | D:11     | HP: 4/108 [steam dragon (8)]
 15537 | D:11     | Engulfed by a steam dragon's steam

Illustrated notes

Levels and vault maps discovered:
D:1:      minmay_arrival_pointy, layout_loops_ring, nemelex_diamond_rough_becter
D:2:      minmay_skewed_foursquare, layout_loops_ring, overflow_temple_1_default
D:3:      layout_loops_corners, nicolae_overflow_crystal_walls,
          lemuel_crystal_altar, minmay_statues_item,
          minmay_fractal_squares_gapless_5, uniq_natasha
D:4:      layout_basic, overflow_temple_1_default, nemelex_altar_shiori,
          minmay_temple_entry_stoned_glass, serial_shops, shop, first_ration,
          gup_sewer_entry_glass, uniq_robin
D:5:      layout_cave_pools, kennysheep_mini_moat, grunt_temple_overflow_diamond
D:6:      layout_cave_pools, fedhas_altar_fruit_tree
D:7:      layout_basic, lemuel_round_altar
D:8:      layout_cave_pods, nicolae_overflow_hidden_temple, hangedman_ranch
          [blue_anna_fruit_fields], okawaru_altar_gauntlet_db
D:9:      layout_rooms, zin_angel, dk_noncrumbling_3, uniq_joseph, uniq_erolcha
D:10:     layout_basic, david_orc_3, serial_shops, shop
D:11:     layout_rooms, lair_entry_dummy
Temple:   chequers_temple_sunken

Skill      XL: |  1  2  3  4  5  6  7  8  9 10 11 12 |
---------------+-------------------------------------+-----
Fighting       | 2 3 4 5 7 |  7.6
Staves         | 4 5 7 8 9 10 13 14 | 14.0
Dodging        | 4 5 7 |  7.6
Bows           | 5 9 10 | 10.4
Evocations     | 2 4 |  4.0
Throwing       | |  2.0

Action                   |  1- 3 |  4- 6 |  7- 9 | 10-12 || total
-------------------------+-------+-------+-------+-------++-------
Melee: Quarterstaff      |   123 |    97 |   555 |   399 ||  1174
       Dagger            |       |    49 |       |    14 ||    63
       Falchion          |       |       |       |     5 ||     5
 Fire: Hunting sling     |       |    14 |       |       ||    14
       Arbalest          |       |       |    96 |    44 ||   140
Throw: Dart              |     1 |     8 |    27 |    60 ||    96
       Throwing net      |       |     4 |     6 |       ||    10
Invok: Heroism           |       |       |       |     1 ||     1
Evoke: Wand              |       |       |     1 |    12 ||    13
       Phial of floods   |       |       |       |     1 ||     1
  Use: Scroll            |       |     4 |    11 |     8 ||    23
       Potion            |       |       |     4 |     4 ||     8
 Stab: Sleeping          |     3 |     1 |       |       ||     4
       Held in net/web   |       |     6 |     9 |       ||    15
       Invisible         |       |       |       |     4 ||     4
  Eat: Chunk             |     2 |     8 |    19 |    10 ||    39
       Ration            |       |       |       |     4 ||     4
Armor: Leather armour    |    44 |     8 |       |       ||    52
       Ring mail         |       |    39 |   165 |    88 ||   292
       Skin              |       |       |    15 |       ||    15
Dodge: Dodged            |   101 |    78 |   333 |   210 ||   722

Table legend:
 A = Non-vault XP
 B = Vault XP
 C = Vault XP percentage of total XP
 D = Non-vault monster count
 E = Vault monster count
 F = Vault count percentage of total count
                 A         B        C        D         E       F
            +---------+---------+-------+---------+---------+-------
      Total |   13425 |    4423 |  24.8 |     263 |      58 |  18.1
            +---------+---------+-------+---------+---------+-------
        D:1 |      54 |       0 |   0.0 |      28 |       0 |   0.0
        D:2 |      40 |     141 |  77.9 |      16 |       6 |  27.3
        D:3 |     275 |      44 |  13.8 |      18 |       6 |  25.0
        D:4 |     415 |      59 |  12.4 |      24 |      18 |  42.9
        D:5 |     614 |       0 |   0.0 |      26 |       0 |   0.0
        D:6 |    1090 |       0 |   0.0 |      30 |       0 |   0.0
        D:7 |     770 |     422 |  35.4 |      28 |       2 |   6.7
        D:8 |    1998 |    1792 |  47.3 |      26 |      12 |  31.6
        D:9 |    2077 |    1475 |  41.5 |      18 |       2 |  10.0
       D:10 |    2883 |     371 |  11.4 |      25 |       6 |  19.4
       D:11 |    3209 |       0 |   0.0 |      24 |       0 |   0.0
      Sewer |       0 |     119 | 100.0 |       0 |       6 | 100.0
            +---------+---------+-------+---------+---------+-------
